Map: Automaton LE

Players

Mesrob - Winner!

  • Race: Terran Terran
  • League: Gold
  • Spawn Location: 3:00

GetPolitical

  • Race: Protoss Protoss
  • League: Platinum
  • Spawn Location: 9:00

VOD

Have the link to the VOD?

Description

Time

  • Played on: Jan. 13, 2019, 7:42 p.m.
  • Length: 17:42
Show
View Real Time Build Order
Export as new Build Order

Mesrob Terran - Winner!

Build Orders: Mech 

Get SALT Encoding   

  12  0:01  SCV  
  13  0:13  SCV  
  14  0:18  Supply Depot  
  14  0:25  SCV  
  15  0:40  SCV  
  16  0:45  Barracks  
  16  0:51  Refinery  
  16  0:52  SCV  
  18  1:04  SCV  
  18  1:16  SCV  
  19  1:31  Orbital Command  
  19  1:42  Marine, Command Center  
  20  1:57  Bunker  
  20  2:00  Marine  
  21  2:19  Factory  
  21  2:23  Barracks Tech Lab  
  21  2:24  SCV  
  22  2:35  Supply Depot  
  22  2:37  SCV  
  23  2:54  SCV  
  23  2:57  Supply Depot  
  24  3:04  Refinery  
  24  3:06  SCV  
  24  3:10  Supply Depot  
  25  3:15  Orbital Command  
  25  3:18  SCV  
  26  3:28  Siege Tank  
  26  3:30  SCV  
  30  3:40  Supply Depot, SCV  
  31  3:42  SCV  
  32  3:53  SCV  
  33  4:00  Siege Tank  
  36  4:09  Supply Depot  
  36  4:10  Engineering Bay, SCV x2  
  38  4:22  SCV x2  
  40  4:30  Refinery  
  40  4:32  Siege Tank  
  40  4:34  SCV x2  
  45  4:41  Armory  
  45  4:46  SCV x2  
  47  4:58  SCV  
  48  5:02  Refinery  
  48  5:03  Factory  
  48  5:05  Siege Tank  
  51  5:16  SCV x2  
  53  5:25  Missile Turret  
  53  5:28  SCV x2  
  55  5:36  Missile Turret  
  55  5:40  SCV x2  
  57  5:46  Missile Turret  
  57  5:47  Thor  
  57  5:49  Factory Reactor  
  63  5:52  SCV  
  63  5:53  SCV, Terran Vehicle Weapons Level 1  
  63  5:54  Factory  
  65  5:57  Missile Turret  
  65  6:05  SCV x2  
  65  6:07  Missile Turret  
  67  6:17  SCV x2  
  69  6:18  Missile Turret  
  69  6:26  Command Center  
  69  6:29  Hellbat, SCV x2  
  69  6:30  Hellion  
  75  6:39  Supply Depot  
  75  6:43  Missile Turret  
  75  6:46  Supply Depot  
  75  6:55  Factory Tech Lab  
  75  7:03  Missile Turret  
  75  7:05  Armory  
  75  7:08  Supply Depot  
  75  7:11  Hellion, SCV x2  
  77  7:17  Hellbat x2, Thor  
  77  7:21  Thor  
  93  7:23  SCV  
  93  7:26  Missile Turret  
  93  7:29  Missile Turret  
  94  7:39  Hellion, Hellbat  
  98  7:49  Missile Turret  
  98  8:01  Supply Depot  
  98  8:15  Thor x2  
  98  8:17  Refinery  
  110  8:20  Hellbat  
  110  8:22  Hellbat  
  110  8:24  Supply Depot  
  110  8:26  SCV x2  
  116  8:29  Planetary Fortress  
  116  8:42  Refinery  
  116  8:46  Supply Depot  
  116  8:47  SCV x2  
  118  8:57  Thor x2  
  130  9:07  Supply Depot  
  128  9:10  Sensor Tower  
  128  9:38  SCV x3  
  130  9:40  Hellbat x2, Thor x2  
  147  9:56  SCV x2  
  149  10:14  SCV  
  149  10:15  Hellbat  
  133  10:23  Sensor Tower  
  133  10:51  Thor x2  
  133  10:53  Hellbat x2  
  149  10:58  Command Center  
  149  11:06  Supply Depot  
  149  11:08  Supply Depot  
  149  11:20  Hellion  
  149  11:21  Sensor Tower  
  149  11:29  Supply Depot  
  149  11:31  Supply Depot  
  149  11:41  Missile Turret  
  149  11:52  Supply Depot  
  149  11:53  Supply Depot  
  149  11:57  Command Center  
  149  11:59  Thor  
  149  12:00  Thor  
  149  12:01  Missile Turret  
  161  12:02  Hellbat x2  
  165  12:16  Supply Depot  
  165  12:18  Supply Depot  
  163  12:23  Hellbat x2, Missile Turret  
  167  12:32  Factory  
  167  12:40  Factory  
  167  12:42  Thor x2  
  167  12:43  Factory  
  179  12:44  Missile Turret  
  179  12:45  Hellbat  
  179  12:46  Terran Vehicle And Ship Armor Level 1  
  179  12:47  Factory, Terran Vehicle Weapons Level 2  
  181  13:07  Missile Turret  
  181  13:12  Planetary Fortress  
  181  13:16  Refinery  
  181  13:25  Thor x2  
  181  13:26  Factory  
  193  13:32  Missile Turret  
  193  13:34  Factory Reactor  
  193  13:35  Factory Tech Lab x2  
  193  13:36  Factory Reactor  
  193  13:42  Refinery  
  193  13:45  Orbital Command  
  193  13:55  Missile Turret  
  193  14:00  Sensor Tower  
  193  14:05  Command Center  
  193  14:08  Thor  
  199  14:16  Factory Tech Lab  
  199  14:18  Missile Turret  
  199  14:41  Missile Turret  
  199  15:01  Missile Turret  
  199  15:09  Infernal Pre-Igniter  
  199  15:10  Smart Servos  
  199  15:11  Sensor Tower  
  199  15:21  Missile Turret  
  199  15:31  Refinery  
  199  15:53  Refinery  
  199  15:55  Thor x3  
  199  15:56  Thor  
  183  15:57  Thor  
  183  15:58  Hellbat x2  
  183  15:59  Hellbat x4  
  161  16:20  Hellbat x6  
  168  16:38  Thor x4  
  180  16:40  Thor  
  190  16:47  Hellbat x5  
  190  16:49  Hellbat  
  200  17:08  Hellbat x2  
  200  17:15  Hellbat x2  
Show
View Real Time Build Order
Export as new Build Order

GetPolitical Protoss 

Build Orders: 1 Gate Expand, Double Forge, Colossus Rush 

Get SALT Encoding   

  12  0:01  Probe  
  13  0:14  Probe  
  14  0:19  Pylon  
  14  0:26  Probe  
  15  0:37  Probe  
  16  0:43  Gateway  
  16  0:45  Probe  
  17  1:14  Nexus  
  17  1:19  Probe  
  18  1:26  Assimilator  
  18  1:33  Cybernetics Core  
  18  1:43  Pylon, Probe  
  19  1:51  Probe  
  20  2:04  Probe  
  21  2:16  Probe  
  21  2:18  Zealot  
  21  2:20  Assimilator, Warp Gate  
  24  2:33  Gateway x2  
  24  2:35  Probe  
  24  2:38  Probe  
  26  2:55  Probe, Robotics Facility  
  26  2:58  Probe  
  28  3:04  Probe  
  28  3:10  Probe  
  28  3:12  Probe  
  31  3:21  Pylon  
  31  3:25  Probe  
  31  3:28  Probe  
  31  3:33  Probe  
  33  3:37  Forge  
  33  3:40  Forge, Probe  
  35  3:43  Observer  
  35  3:45  Pylon  
  36  4:14  Robotics Bay  
  36  4:15  Pylon  
  36  4:16  Probe  
  36  4:19  Probe  
  36  4:23  Stalker  
  36  4:24  Stalker x2, Probe  
  45  4:31  Probe  
  45  4:32  Twilight Council  
  45  4:33  Pylon  
  45  4:37  Probe  
  47  4:41  Protoss Ground Weapons Level 1  
  47  4:43  Probe  
  48  4:50  Gateway  
  48  4:51  Protoss Ground Armor Level 1, Gateway  
  48  4:53  Probe  
  48  4:55  Probe  
  48  4:56  Assimilator  
  50  5:01  Assimilator  
  50  5:05  Probe  
  51  5:32  Probe x2  
  53  5:41  Stalker x3  
  59  5:51  Colossus  
  59  6:01  Nexus  
  65  6:05  Zealot x4  
  65  6:09  Zealot  
  74  6:33  Charge  
  74  6:36  Protoss Ground Weapons Level 2, Zealot  
  76  6:46  Protoss Ground Armor Level 2, Zealot  
  78  6:52  Pylon  
  78  6:54  Pylon  
  78  6:57  Pylon  
  78  7:02  Photon Cannon  
  78  7:05  Photon Cannon  
  78  7:10  Colossus  
  78  7:11  Extended Thermal Lance  
  84  7:16  Probe  
  84  7:21  Probe  
  84  7:22  Pylon  
  85  7:25  Assimilator  
  85  7:29  Probe  
  86  7:30  Assimilator  
  86  7:36  Templar Archives  
  87  7:38  Pylon  
  87  7:39  Probe  
  87  7:40  Zealot x2  
  87  7:42  Zealot  
  94  7:51  Probe  
  95  7:58  Photon Cannon  
  95  8:01  Photon Cannon  
  95  8:03  Probe  
  95  8:04  Observer  
  97  8:36  High Templar x3  
  97  8:37  High Templar x2  
  97  8:38  Psionic Storm  
  107  9:27  Stalker x5  
  117  9:36  Nexus  
  117  9:38  Pylon  
  117  9:40  Pylon  
  117  9:42  Pylon  
  117  9:54  Gateway  
  117  9:56  Gateway  
  117  9:58  Gateway  
  117  10:00  Gateway  
  117  10:01  Pylon  
  117  10:03  Pylon  
  111  10:25  Protoss Ground Weapons Level 3  
  111  10:28  Photon Cannon  
  111  10:31  Photon Cannon  
  111  10:34  High Templar x3, Photon Cannon  
  111  10:35  High Templar x2  
  121  10:36  Photon Cannon  
  121  10:38  Shield Battery  
  121  10:40  Shield Battery  
  121  10:44  Archon  
  121  10:45  Archon  
  121  10:49  Blink  
  121  10:58  Observer  
  122  11:16  Assimilator  
  122  11:17  Assimilator  
  122  11:23  Probe  
  123  11:27  Photon Cannon  
  123  11:35  Probe  
  124  11:40  Observer  
  126  11:47  Probe x3  
  126  11:53  Probe  
  129  11:59  Probe x3  
  132  12:05  Probe  
  133  12:11  Probe x3  
  136  12:17  Probe  
  136  12:19  Zealot x5  
  136  12:20  Nexus  
  136  12:21  Zealot x4  
  136  12:22  Pylon  
  155  12:23  Probe  
  155  12:28  Pylon  
  155  12:29  Pylon, Probe  
  157  12:36  Protoss Ground Armor Level 3  
  157  12:41  Probe  
  157  12:42  High Templar x2  
  157  12:43  High Templar x6  
  174  12:47  Archon x2  
  174  12:48  Archon x2  
  173  13:10  Observer  
  173  13:12  Nexus  
  174  13:14  Pylon x2  
  174  13:15  Pylon x2  
  174  13:25  Protoss Shields Level 1  
  174  13:34  Photon Cannon  
  174  13:35  Gateway  
  174  13:36  Photon Cannon  
  174  13:37  Gateway  
  174  13:40  Gateway x2  
  174  13:41  Photon Cannon  
  174  13:42  Pylon  
  174  13:53  Gravitic Boosters  
  174  13:59  High Templar x2  
  174  14:00  High Templar x2  
  182  14:04  Archon x2  
  182  14:12  Photon Cannon  
  182  14:14  Photon Cannon  
  182  14:16  Shield Battery  
  182  14:18  Shield Battery  
  182  14:46  High Templar x5  
  182  14:50  Archon x2, Gravitic Drive  
  192  14:53  High Templar  
  192  14:57  Archon  
  194  15:09  Pylon  
  194  15:12  Pylon  
  194  15:17  Assimilator  
  194  15:22  Assimilator  
  194  15:25  Assimilator  
  194  15:29  Assimilator  
  194  15:36  Pylon  
  100  16:06  Zealot x3  
  100  16:07  Zealot  
  100  16:08  Zealot x3  
  100  16:09  Zealot  
  100  16:10  Zealot  
  100  16:11  Zealot x4  
  122  16:19  Archon  
  122  16:27  Zealot  
  122  16:28  Zealot x4  
  120  16:46  High Templar  
  116  16:52  Zealot x3  
  116  16:53  Zealot x2  
  116  16:54  Zealot x2  
  128  16:55  Zealot x2  
  128  16:56  Zealot x3  
  140  17:01  Archon  
Tags
 
Composition
Mech
Matchup
PvT
Replay Pack
sc2 replays
Spawn Locations
Cross Positions
Add a new tag
Caveats
  • Supply blocks, unpowered buildings, or Contaminate may cause inaccurate times.
  • Supply counts are checked every 10 seconds.